cohdb
Replays
Latest Replays
All Replays
Popular Replays
Top Player Replays
Match Explorer
How It Works
Community
CoH3 Stats
Reddit
Sign in to upload your games and track your stats! →
Sign in with Steam
Match 46260630
Unlisted
Match 46260630
Overview
Messages
Build Orders
End
Construct Barracks
Riflemen Squad
Riflemen Squad
Riflemen Squad
Grenade Package
Infantry Support Center
Riflemen Squad
Construct Medical Station
Advanced Logistics
M1918 Browning Automatic Rifles
Riflemen Squad
Riflemen Squad
Construct Motor Pool
Selects Advanced Infantry Battlegroup
Selects Advanced Infantry Battlegroup
Selects Convert to Ranger Squad
Selects Frontline Medical Station
Frontline Medical Station
Selects Infantry Assault
Infantry Assault
M1 Anti-tank Gun Team
Engineer Squad
Selects Artillery Observers
Selects Ammunition Storage
The101stAirBorne ITA
GohanのFans
乌拉
???
Kampfstärke
NoCommentary
Beary bear
밥똥콯
0
0
Comments
sign in to comment!
No comments posted yet!